 Dungeon Crawl Stone Soup version 0.28.0-43-g3370ac3207 (webtiles) character file.

Game seed: 6039857661017482025

123 Ablot the Grasshopper (level 5, -1/43 HPs)
             Began as a Gnoll Warper on Feb 28, 2022.
             Slain by an orc wizard
             ... wielding a +0 dagger
              (2 damage)
             ... on level 3 of the Dungeon.
             The game lasted 00:02:51 (2641 turns).

Ablot the Grasshopper (Gnoll Warper)                Turns: 2641, Time: 00:02:51

Health: -1/43      AC:  3    Str: 12    XL:     5   Next: 7%
Magic:  12/12      EV: 13    Int: 12    God:
Gold:   67         SH:  0    Dex: 12    Spells: 12/14 levels left

rFire   . . .      SeeInvis .   a - +0 spear
rCold   . . .      Faith    .   (no shield)
rNeg    . . .      Spirit   .   b - +0 leather armour
rPois   .          Reflect  .   (no helmet)
rElec   .          Harm     .   (no cloak)
rCorr   .          Rampage  .   (no gloves)
Will    .....                   (no boots)
Stlth   +.........              (no amulet)
HPRegen 0.14/turn               (no ring)
MPRegen 0.13/turn               (no ring)

@: no status effects
A: fangs 1, strong nose, distributed training
a: no special abilities


You were on level 3 of the Dungeon.
You visited 1 branch of the dungeon, and saw 4 of its levels.

You collected 133 gold pieces.
You spent 66 gold pieces at shops.

Inventory:

Hand Weapons
 a - a +0 spear (weapon)
Missiles
 d - 5 boomerangs of dispersal
 e - 59 stones
 g - 2 javelins (quivered)
 i - 23 arrows
 n - 16 bolts
Armour
 b - a +0 leather armour (worn)
Scrolls
 c - a scroll of blinking
 h - 3 scrolls of enchant weapon {unknown}
 k - 2 scrolls of fear
 l - 2 scrolls of identify
 m - a scroll of torment {unknown}
 o - a scroll of summoning {unknown}
Potions
 f - 2 potions of lignification {unknown}
 j - a potion of ambrosia {unknown}


   Skills:
 + Level 4.7 Fighting
 + Level 1.3 Short Blades
 + Level 1.3 Long Blades
 + Level 1.3 Axes
 + Level 1.3 Maces & Flails
 + Level 4.7 Polearms
 + Level 1.3 Staves
 + Level 1.3 Slings
 + Level 1.3 Bows
 + Level 1.3 Crossbows
 + Level 2.9 Throwing
 + Level 2.9 Armour
 + Level 4.7 Dodging
 + Level 1.3 Stealth
 + Level 1.3 Shields
 + Level 1.3 Unarmed Combat
 + Level 5.1 Spellcasting
 + Level 1.1 Conjurations
 + Level 1.1 Hexes
 + Level 1.1 Summonings
 + Level 1.1 Necromancy
 + Level 5.5 Translocations
 + Level 1.1 Transmutations
 + Level 1.1 Fire Magic
 + Level 1.1 Ice Magic
 + Level 1.1 Air Magic
 + Level 1.1 Earth Magic
 + Level 1.1 Poison Magic
 + Level 1.5 Invocations
 + Level 1.3 Evocations


You had 12 spell levels left.
You knew the following spells:

 Your Spells              Type           Power      Damage    Failure   Level
a - Blink                 Tloc           32%        N/A       4%          2

Your spell library contained the following spells:

 Spells                   Type           Power      Damage    Failure   Level
 Gell's Gravitas          Tloc           16%        N/A       8%          3
 Lesser Beckoning         Tloc           16%        N/A       8%          3
 Teleport Other           Tloc           16%        N/A       8%          3
 Magic Dart               Conj           20%        1d4       16%         1
 Call Imp                 Summ           5%         N/A       24%         2
 Mephitic Cloud           Conj/Pois/Air  5%         N/A       43%         3
 Manifold Assault         Tloc           16%        N/A       58%         5


Dungeon Overview and Level Annotations

Branches:
Dungeon (4/15)
 Temple: D:4-7

Altars:

Shops:
D:1 ?   D:2 (


Innate Abilities, Weirdness & Mutations

You have very sharp teeth.
Your uncanny sense of smell can sniff out nearby items.
Your experience applies equally to all skills.


Message History

You hear some strange, mumbled words.
A magic dart appears from out of thin air!
The magic dart hits you!
You reach to attack!
You hit the hobgoblin but do no damage.
The hobgoblin is almost dead.
Something you can't see is in the way.
You miss something. Your bite misses something.
Something hits you but does no damage. Something you can't see is in the way.
You hit something. Something hits you.
You reach to attack!
You barely miss the hobgoblin.
The hobgoblin is almost dead.
Something hits you but does no damage. Something you can't see is in the way.
You hit something. Your bite misses something. Something hits you.
You are too injured to fight recklessly!
You are too injured to fight recklessly!
You are too injured to fight recklessly!
You are too injured to fight recklessly!
You are too injured to fight recklessly!
You are too injured to fight recklessly!
You are too injured to fight recklessly!
You miss something.
You hear some strange, mumbled words.
A puff of flame appears from out of thin air!
The puff of flame hits you!
* * * LOW HITPOINT WARNING * * *
You miss something. Something hits you but does no damage.
You miss something. You closely miss something. Something hits you.
* * * LOW HITPOINT WARNING * * *
You hit something but do no damage. Something hits you.
* * * LOW HITPOINT WARNING * * *
You miss something. You bite something.
You hear some strange, mumbled words.
A puff of flame appears from out of thin air!
The puff of flame misses you.
You hit something. Something hits you.
* * * LOW HITPOINT WARNING * * *
You hit something but do no damage. Your bite misses something.
Something hits you.
You die...

.........g
..........
.......o.
.......h.
......h.#
.......o#
.......)#
........##########
..?...)og{@.......
........##########
........# #
#######.# . #.# #
#.# # #.# # #.# #


You could see an orc and a hobgoblin.

Vanquished Creatures
  An iguana (D:4)
  A hound skeleton (D:4)
  2 adders (D:2)
  A worm (D:2)
  2 orcs (D:3)
  6 endoplasms
  2 giant cockroaches
  3 goblins
  4 hobgoblins
  10 jackals
  4 quokkas
  5 ball pythons
  2 bats
  4 frilled lizards
  6 kobolds
  5 rats
58 creatures vanquished.

Notes
Turn   | Place    | Note
-------+----------+-------------------------------------------
     0 | D:1      | Ablot the Gnoll Warper began the quest for the Orb.
     0 | D:1      | Reached XP level 1. HP: 20/20 MP: 6/6
    16 | D:1      | Found Plog's Magic Scroll Shop.
   163 | D:1      | Reached XP level 2. HP: 25/26 MP: 7/7
   166 | D:1      | Learned a level 2 spell: Blink
   562 | D:1      | Reached XP level 3. HP: 31/31 MP: 9/9
   582 | D:1      | Reached skill level 5 in Spellcasting
  1091 | D:2      | Found a faded altar of an unknown god.
  1113 | D:2      | Reached skill level 1 in Invocations
  1456 | D:2      | Found Ilau's Antique Weapon Emporium.
  1529 | D:2      | Reached skill level 1 in Short Blades
  1529 | D:2      | Reached skill level 1 in Long Blades
  1529 | D:2      | Reached skill level 1 in Axes
  1529 | D:2      | Reached skill level 1 in Maces & Flails
  1529 | D:2      | Reached skill level 1 in Staves
  1529 | D:2      | Reached skill level 1 in Slings
  1529 | D:2      | Reached skill level 1 in Bows
  1529 | D:2      | Reached skill level 1 in Crossbows
  1529 | D:2      | Reached skill level 1 in Stealth
  1529 | D:2      | Reached skill level 1 in Shields
  1529 | D:2      | Reached skill level 1 in Unarmed Combat
  1529 | D:2      | Reached skill level 1 in Evocations
  1713 | D:2      | Reached XP level 4. HP: 38/38 MP: 11/11
  2172 | D:1      | Bought a scroll of fear for 42 gold pieces
  2172 | D:1      | Bought a scroll of identify for 24 gold pieces
  2291 | D:3      | You fall into a shaft and drop 1 floor!
  2316 | D:4      | Reached skill level 1 in Conjurations
  2316 | D:4      | Reached skill level 1 in Hexes
  2316 | D:4      | Reached skill level 1 in Summonings
  2316 | D:4      | Reached skill level 1 in Necromancy
  2316 | D:4      | Reached skill level 1 in Transmutations
  2316 | D:4      | Reached skill level 1 in Fire Magic
  2316 | D:4      | Reached skill level 1 in Ice Magic
  2316 | D:4      | Reached skill level 1 in Air Magic
  2316 | D:4      | Reached skill level 1 in Earth Magic
  2316 | D:4      | Reached skill level 1 in Poison Magic
  2606 | D:3      | Reached XP level 5. HP: 38/43 MP: 12/12
  2640 | D:3      | HP: 1/43 [something (2)]
  2641 | D:3      | Slain by an orc wizard

Illustrated notes

Levels and vault maps discovered:
D:1:      ebering_trefoil_twist, layout_basic, serial_shops,
          nicolae_shop_competitors_out_of_business, chequers_mini_garden
D:2:      layout_loops_cross, serial_shops, nicolae_shop_crystal,
          ebering_ecumenical_altar_box, chequers_serial_rivers_small_a
D:3:      layout_basic, portal_sewer_entry_e
D:4:      layout_loops_cross

Skill      XL: |  1  2  3  4 |
---------------+-------------+-----
Spellcasting   | 5 |  5.1
Invocations    | 1 |  1.5
Short Blades   | 1 |  1.3
Long Blades    | 1 |  1.3
Axes           | 1 |  1.3
Maces & Flails | 1 |  1.3
Staves         | 1 |  1.3
Slings         | 1 |  1.3
Bows           | 1 |  1.3
Crossbows      | 1 |  1.3
Stealth        | 1 |  1.3
Shields        | 1 |  1.3
Unarmed Combat | 1 |  1.3
Evocations     | 1 |  1.3
Conjurations   | 1 |  1.1
Hexes          | 1 |  1.1
Summonings     | 1 |  1.1
Necromancy     | 1 |  1.1
Transmutations | 1 |  1.1
Fire Magic     | 1 |  1.1
Ice Magic      | 1 |  1.1
Air Magic      | 1 |  1.1
Earth Magic    | 1 |  1.1
Poison Magic   | 1 |  1.1
Fighting       | |  4.7
Polearms       | |  4.7
Throwing       | |  2.9
Armour         | |  2.9
Dodging        | |  4.7
Translocations | |  5.5

Action                   |  1- 3 |  4- 6 || total
-------------------------+-------+-------++-------
Melee: Spear             |   191 |    80 ||   271
       Bite              |     9 |    10 ||    19
       Punch             |     2 |     2 ||     4
Throw: Javelin           |       |     2 ||     2
 Stab: Sleeping          |     1 |       ||     1
Armor: Leather armour    |    41 |    16 ||    57
Dodge: Dodged            |    88 |    41 ||   129
